 Dungeon Crawl Stone Soup version 0.32-a0-876-gcfddb08e57 (webtiles) character file.

Game seed: 4839785437322199721

3118 Lanoc the Skirmisher (level 9, 0/72 HPs)
             Began as a Coglin Hunter on Apr 1, 2024.
             Was a Priest of Beogh.
             Slain by a yak (6 damage)
             ... on level 6 of the Dungeon.
             The game lasted 00:09:53 (5561 turns).

Lanoc the Skirmisher (Coglin Hunter)                Turns: 5561, Time: 00:09:54

Health: 0/72       AC:  6    Str: 11    XL:     9   Next: 91%
Magic:  9/9        EV: 15    Int: 10    God:    Beogh [***...]
Gold:   338        SH:  0    Dex: 21    Spells: 8/8 levels left

rFire   . . .        a - +2 sling (flame) {Xiuhtonal}
rCold   . . .        d - +0 sling {Mizue}
rNeg    . . .        c - +0 leather armour
rPois   .            (no helmet)
rElec   .            q - +0 cloak
rCorr   .            (no gloves)
SInv    .            m - +1 pair of boots of the Hunter {+Blink Int+2 Dex-2}
Will    .....        (amulet unavailable)
Stlth   ++           (ring unavailable)
HPRegen 0.32/turn    (ring unavailable)
MPRegen 0.11/turn    (no gizmo)

%: no passive effects
@: revved
A: off-hand wielding, slow wielding, warmup strikes, no jewellery
a: Invent Gizmo, Renounce Religion, Evoke Blink, Smiting


You were on level 6 of the Dungeon.
You worshipped Beogh.
Beogh was most pleased with you.
You visited 2 branches of the dungeon, and saw 10 of its levels.

You collected 338 gold pieces.

Inventory:

Hand Weapons
 a - a +2 sling of flaming (weapon) {Xiuhtonal}
 d - a +0 sling (offhand) {Mizue}
Missiles
 f - a throwing net
Armour
 c - a +0 leather armour (worn)
 m - the +1 pair of boots of the Hunter (worn) {+Blink Int+2 Dex-2}
   (You found it on level 3 of the Dungeon)

   Int+2:     It affects your intelligence (+2).
   Dex-2:     It affects your dexterity (-2).
   +Blink:    It lets you blink.
 q - a +0 cloak (worn)
Wands
 u - a wand of digging (7)
Scrolls
 b - a scroll of butterflies
 e - 2 scrolls of immolation
 h - 2 scrolls of teleportation
 i - 2 scrolls of enchant armour {unknown}
 k - 2 scrolls of poison {unknown}
 p - a scroll of vulnerability {unknown}
 r - 3 scrolls of noise {unknown}
 s - 2 scrolls of enchant weapon
 t - 2 scrolls of fog
 v - 3 scrolls of amnesia {unknown}
Potions
 g - a potion of curing
 j - a potion of brilliance
 l - a potion of resistance
 n - a potion of heal wounds
 o - 2 potions of haste


   Skills:
 + Level 7.0 Fighting
 * Level 9.5 Ranged Weapons
 + Level 6.4 Dodging
 - Level 0.7 Stealth


You had 8 spell levels left.
You didn't know any spells.
Your spell library contained the following spells:

 Spells                   Type           Power      Damage    Failure   Level
 Magic Dart               Conj           0%         1d3       45%         1
 Sandblast                Erth           0%         2d4       45%         1
 Blink                    Tloc           0%         N/A       58%         2
 Call Imp                 Summ           0%         N/A       58%         2
 Stone Arrow              Conj/Erth      0%         3d7       83%         3
 Brom's Barrelling Bould  Conj/Erth      0%         2d3       99%         4


Dungeon Overview and Level Annotations

Branches:
Dungeon (9/15)             Temple (1/1) D:6
   Lair: D:8-11         Orc: D:9-12

Altars:
Ashenzari
Cheibriados
Dithmenos
Elyvilon
Fedhas
Hepliaklqana
Kikubaaqudgha
Makhleb
Qazlal
Ru
Sif Muna
Trog
Uskayaw
Vehumet
Wu Jian
Xom
The Shining One

Shops:
D:2 (   D:6 :

Annotations:
D:3 1 runed translucent door, Xtruder99's ghost, amateur GnFi


Innate Abilities, Weirdness & Mutations

Your facial features are unmistakably orcish.
You can wield a second weapon in your off-hand.
It takes a long time for you to wield or remove held weapons.
Your first few attacks do less damage.
You cannot equip rings or amulets.


Message History

The yak is almost dead.
The yak closely misses you.
Fire: a) +2 sling (flame) {Xiuhtonal}
Press: ? - help, Q - select action, (/) - cycle Shift-Dir - straight line, f/p - yak
Aim: a yak (almost dead, 77% to hit)
You shoot a sling bullet.
The sling bullet hits the yak but does no damage.
The yak is almost dead.
You shoot a sling bullet.
The sling bullet hits the yak but does no damage.
The yak is almost dead.
The yak gores you!
* * * LOW HITPOINT WARNING * * *
Fire: a) +2 sling (flame) {Xiuhtonal}
Press: ? - help, Q - select action, (/) - cycle Shift-Dir - straight line, f/p - yak
Aim: a yak (almost dead, 77% to hit)
You shoot a sling bullet. The sling bullet hits the yak.
The yak is almost dead.
You shoot a sling bullet. The sling bullet hits the yak.
The sling bullet burns the yak.
You kill the yak!
Beogh accepts your kill.
Your Fighting skill increases to level 7!
Fire: a) +2 sling (flame) {Xiuhtonal}
Press: ? - help, Q - select action, (/) - cycle Shift-Dir - straight line, f - yak
Aim: a yak (heavily wounded, 77% to hit)
You shoot a sling bullet.
The sling bullet closely misses the yak.
You shoot a sling bullet.
The sling bullet hits the yak but does no damage.
The yak is heavily wounded.
The yak gores you but does no damage.
Fire: a) +2 sling (flame) {Xiuhtonal}
Press: ? - help, Q - select action, (/) - cycle Shift-Dir - straight line, f/p - yak
Aim: a yak (heavily wounded, 77% to hit)
You shoot a sling bullet. The sling bullet barely misses the yak.
You shoot a sling bullet.
The sling bullet completely misses the yak.
The yak gores you.
You die...

##..##.##...............#
#....#........###......####### ##
......##...###...###...###...###.
......#.###.#.....#.###.#.....#.#
.....#...#...#...#...#...#...#...
.....#...#...#####...#...#####...
.....#...#...#...#.. #...# #...
..<...#.###.#.....# ###.#. .#.#
>..#..##...###..@###...###. .###.
..##..#.....#.###Y#.....# ### #..
..##...#...#...#...# .. #...#.
#..#...#####...#...##### . #.. ##
#....(.# #...#...#...#.. #
##....#. #.###.#.....# .#.##.##.
##.[.###..Y## .[....# ##
#.....#.###.# ..... #...#...#...#
.


You could see a yak.

Vanquished Creatures
  Grinder (D:5)
  Sigmund (D:3)
  5 yaks (D:6)
  Menkaure (D:6)
  A steam dragon (D:6)
  2 water moccasins (D:5)
  A sky beast (D:6)
  An ice beast (D:6)
  2 black bears
  An ogre (D:5)
  A centaur (D:7)
  3 phantoms
  A kobold brigand (D:7)
  2 bullfrogs
  A scorpion (D:6)
  2 bombardier beetles (D:4)
  A hound (D:5)
  2 jellies
  An orc priest (D:9)
  3 iguanas
  5 orc wizards
  3 gnolls (D:6)
  5 adders
  2 ufetubi (D:6)
  6 dart slugs
  2 ribbon worms
  14 orcs
  11 ball pythons
  15 endoplasms
  6 giant cockroaches
  7 goblins
  10 hobgoblins
  13 kobolds
  6 quokkas
  9 bats
  4 frilled lizards
  9 rats
160 creatures vanquished.

Vanquished Creatures (others)
  An orc wizard (D:8)
  4 orcs
  A goblin (D:3)
6 creatures vanquished.

Grand Total: 166 creatures vanquished

Notes
Turn   | Place    | Note
-------+----------+-------------------------------------------
     0 | D:1      | Lanoc the Coglin Hunter began the quest for the Orb.
     0 | D:1      | Reached XP level 1. HP: 16/16 MP: 1/1
   109 | D:1      | Reached XP level 2. HP: 18/22 MP: 2/2
   394 | D:1      | Reached skill level 4 in Ranged Weapons
   564 | D:1      | Reached XP level 3. HP: 28/28 MP: 3/3
   773 | D:1      | Found a faded altar of an unknown god.
  1046 | D:2      | Found Bixyul's Weapon Shoppe.
  1127 | D:2      | Reached XP level 4. HP: 34/34 MP: 4/4
  1474 | D:3      | Became a worshipper of Beogh the Shepherd
  1523 | D:3      | Identified the +1 pair of boots of the Hunter {+Blink Int+2
                  | Dex-2}
  1625 | D:3      | Found a runed translucent door.
  1627 | D:3      | Noticed a bullfrog
  1629 | D:3      | Noticed Xtruder99's ghost (amateur GnFi)
  1753 | D:3      | Reached XP level 5. HP: 40/40 MP: 5/5
  1755 | D:3      | Reached * piety under Beogh
  1806 | D:3      | Noticed Sigmund
  1843 | D:3      | Killed Sigmund
  1844 | D:3      | Reached skill level 5 in Ranged Weapons
  1844 | D:3      | Reached XP level 6. HP: 36/47 MP: 6/6
  2673 | D:4      | Reached ** piety under Beogh
  2676 | D:4      | Reached XP level 7. HP: 29/53 MP: 7/7
  2877 | D:5      | Entered Level 5 of the Dungeon
  2961 | D:5      | Reached skill level 6 in Ranged Weapons
  2998 | D:5      | Noticed Grinder
  3011 | D:5      | Killed Grinder
  3181 | D:5      | Reached XP level 8. HP: 61/61 MP: 8/8
  3287 | D:5      | Reached skill level 7 in Ranged Weapons
  3476 | D:5      | You fall into a shaft and drop 3 floors!
  3505 | D:8      | Noticed a cyclops
  3532 | D:8      | Reached skill level 5 in Fighting
  3540 | D:9      | Noticed a wyvern
  3999 | D:7      | Reached skill level 5 in Dodging
  4264 | D:7      | Found an ornate altar of the Wu Jian Council.
  4481 | D:6      | Noticed Menkaure
  4488 | D:6      | Reached skill level 8 in Ranged Weapons
  4490 | D:6      | Killed Menkaure
  4491 | D:6      | Reached XP level 9. HP: 26/69 MP: 9/9
  4650 | D:6      | Found a staircase to the Ecumenical Temple.
  4664 | Temple   | Entered the Ecumenical Temple
  4691 | D:5      | Found a sacrificial altar of Ru.
  4909 | D:5      | Found a hide-covered altar of Uskayaw.
  4909 | D:5      | Found a stormy altar of Qazlal.
  4918 | D:5      | Found a burning altar of Makhleb.
  4920 | D:5      | Found a faded altar of an unknown god.
  4922 | D:5      | Found a glowing golden altar of the Shining One.
  5434 | D:6      | Found Periev's Self-Published Books.
  5533 | D:6      | Reached skill level 9 in Ranged Weapons
  5559 | D:6      | Reached *** piety under Beogh
  5561 | D:6      | Slain by a yak

Illustrated notes

Levels and vault maps discovered:
D:1:      dpeg_arrival_yet_another_circle, layout_loops_corners,
          hellmonk_ecumenical_altar_heavens_door
D:2:      layout_rooms, serial_shops, nicolae_shop_getting_attention, hex_medium
D:3:      corexii_shack_village, layout_rooms, ebering_ghost_sewer_d,
          minmay_vboxes, uniq_sigmund
D:4:      layout_loops_cross
D:5:      layout_layer_cave, chequers_temple_overflow_minitemple,
          nicolae_ru_great_annihilating_truth, uniq_grinder
D:6:      nicolae_cairo_tiling, layout_cave_pools,
          grunt_temple_overflow_gold_and_silver, lemuel_coloured_pillars_altar,
          minmay_temple_entry_drinking_statues, nicolae_custom_books,
          uniq_menkaure
D:7:      layout_gridville, pdpol_wu_jian_five_deadly_venoms,
          mainiacjoe_overflow_tiny_flanked, hangedman_decor_slide_cut,
          chequers_serial_rivers_small_a, nicolae_figureground_sparkle
D:8:      layout_loops_ring, serial_undead, serial_undead_d, serial_undead_f,
          serial_undead_f, serial_undead_e, serial_undead_c, serial_undead_b,
          serial_shops, shop_fountains, shop
D:9:      layout_basic, erik_lair_dragon
Temple:   nicolae_temple_ecumenical_triangle

Skill      XL: |  1  2  3  4  5  6  7  8  9 |
---------------+----------------------------+-----
Dodging        | 2 3 4 5 6 |  6.4
Ranged Weapons | 4 5 6 8 9 |  9.5
Fighting       | 3 4 5 7 |  7.0
Stealth        | |  0.7

Action                     |  1- 3 |  4- 6 |  7- 9 || total
---------------------------+-------+-------+-------++-------
   Fire: Sling             |   154 |   268 |   532 ||   954
 Invoke: Convert to Beogh  |       |     1 |       ||     1
    Use: Scroll            |       |       |    11 ||    11
         Potion            |       |       |     1 ||     1
 Armour: Leather armour    |     4 |     8 |    97 ||   109
  Dodge: Dodged            |     7 |    11 |    87 ||   105

Table legend: (Time is in decaauts)
 A = Elapsed time spent in this place.
 B = Non-inter-level travel time spent in this place.
 C = Inter-level travel time spent in this place.
 D = Time resting spent in this place.
 E = Time spent auto-exploring this place.
 F = Levels seen in this place.
 G = Mean time per level.
                   A        B        C        D        E       F      G
               +--------+--------+--------+--------+--------+-----+--------+
         Total |   5620 |   5517 |    103 |    167 |   4241 |  10 |  562.0 |
       Dungeon |   5618 |   5515 |    103 |    167 |   4241 |   9 |  624.2 |
        Temple |      1 |      1 |      0 |      0 |      0 |   1 |    1.0 |
               +--------+--------+--------+--------+--------+-----+--------+

Top non-repeatable levels by time:
     D:5: 1072 daAuts
     D:1: 1033 daAuts
     D:3: 745 daAuts
     D:6: 697 daAuts
     D:4: 683 daAuts
     D:7: 572 daAuts
     D:2: 457 daAuts
     D:9: 288 daAuts
     D:8: 67 daAuts
  Temple: 1 daAuts
